 Dungeon Crawl Stone Soup version 0.30-a0-989-g0d87f670db (webtiles) character file.

Game seed: 3000212419336528574

4812 Maxmaps the Carver (level 10, -12/74 HPs)
             Began as a Formicid Fighter on Apr 3, 2023.
             Was an Initiate of the Shining One.
             Killed from afar by an acid dragon (35 damage)
             ... with a splash of acid
             ... on level 8 of the Dungeon.
             The game lasted 00:11:15 (9330 turns).

Maxmaps the Carver (Formicid Fighter)               Turns: 9330, Time: 00:11:16

Health: -12/74     AC: 13    Str: 21    XL:     10   Next: 77%
Magic:  10/10      EV: 15    Int: 10    God:    the Shining One [......]
Gold:   502        SH:  6    Dex: 15    Spells: 9/9 levels left

rFire   . . .      SeeInvis +    v - +2 dagger (venom)
rCold   . . .      Faith    .    c - +1 buckler
rNeg    + . .      Spirit   .    D - +4 ring mail {rN+}
rPois   .          Reflect  .    (helmet unavailable)
rElec   .          Rampage  .    q - +0 cloak
rCorr   .                        A - +0 pair of gloves
Will    +....                    m - +0 pair of boots
Stlth   +                        b - amulet of regeneration
HPRegen 1.12/turn                y - ring of flight
MPRegen 0.12/turn                K - +5 ring of evasion

@: mighty, flying, glowing
A: permanent stasis, dig shafts and tunnels, antennae 3, four strong arms
a: Dig, Shaft Self, Renounce Religion


You were on level 8 of the Dungeon.
You worshipped the Shining One.
The Shining One was noncommittal.
You visited 2 branches of the dungeon, and saw 9 of its levels.
You also visited: Ossuary.

You collected 502 gold pieces.

Inventory:

Hand Weapons
 a - a +0 long sword of chaos
 v - a +2 dagger of venom (weapon)
Armour
 c - a +1 buckler (worn)
 m - a +0 pair of boots (worn)
 q - a +0 cloak (worn)
 A - a +0 pair of gloves (worn)
 D - a +4 ring mail of positive energy (worn)
Jewellery
 b - an amulet of regeneration (around neck)
 y - a ring of flight (left hand)
 J - an amulet of the acrobat
 K - a +5 ring of evasion (right hand)
Wands
 l - a wand of polymorph (6)
 u - a wand of iceblast (9)
 I - a wand of quicksilver (5)
Scrolls
 h - a scroll of noise
 k - 12 scrolls of teleportation
 o - 4 scrolls of magic mapping
 w - 2 scrolls of blinking
 x - a scroll of silence {unknown}
 C - a scroll of fear
 E - 4 scrolls of poison {unknown}
 G - a scroll of immolation {unknown}
 H - 3 scrolls of identify
 L - a scroll of amnesia {unknown}
Potions
 d - 4 potions of might
 e - a potion of brilliance
 f - 3 potions of mutation
 g - 2 potions of magic
 i - 5 potions of haste
 j - a potion of cancellation
 n - 3 potions of curing
 p - 2 potions of heal wounds {unknown}
 r - 2 potions of attraction
 s - 2 potions of berserk rage
 t - a potion of invisibility
 z - 2 potions of flight
 B - 2 potions of lignification {unknown}
 F - a potion of resistance {unknown}
 M - a potion of degeneration {unknown}


   Skills:
 - Level 5.0 Fighting
 - Level 14.6 Long Blades
 + Level 3.2 Armour
 - Level 4.0 Shields


You had 9 spell levels left.
You didn't know any spells.
Your spell library contained the following spells:

 Spells                   Type           Power      Damage    Failure   Level
 Kiss of Death            Conj/Necr      0%         2d5       58%         1
 Slow                     Hex            0%         N/A       58%         1
 Summon Small Mammal      Summ           0%         N/A       58%         1
 Call Canine Familiar     Summ           0%         N/A       92%         3
 Confusing Touch          Hex            0%         N/A       92%         3
 Summon Guardian Golem    Hex/Summ       0%         N/A       92%         3
 Vampiric Draining        Necr           0%         2d6       92%         3
 Dispel Undead            Necr           0%         3d6       100%        4


Dungeon Overview and Level Annotations

Branches:
Dungeon (8/15)             Temple (1/1) D:7            Lair (0/5) D:8
Ossuary (visited)

Altars:
Ashenzari
Cheibriados
Dithmenos
Elyvilon
Gozag
Hepliaklqana
Kikubaaqudgha
Makhleb
Nemelex Xobeh
Qazlal
Ru
Sif Muna
Trog
Vehumet
Wu Jian
Xom
Yredelemnul
Zin
The Shining One

Annotations:
D:4 3 runed translucent doors, Rendar's ghost, amateur MiGl; grumposus's ghost, amateur OpTm; jasper's ghost, amateur DgAE; xian's ghost, amateur DsWn
D:7 1 runed translucent door, heikuro's ghost, novice FoFi


Innate Abilities, Weirdness & Mutations

You cannot be hasted, slowed, berserked, paralysed or teleported.
You can dig through walls and to a lower floor.
You have a pair of large antennae on your head. (SInv)
Your four strong arms can wield two-handed weapons with a shield.


Message History

You hit the acid dragon.
The acid dragon is lightly wounded.
You feel very sick.
You hit the acid dragon but do no damage.
The acid dragon is lightly wounded.
You feel sick. The acid dragon spits acid at you. The splash of acid hits you!!
You hear a howl!
You hit the acid dragon.
The acid dragon is lightly wounded.
You feel sick. The kobold brigand closely misses you.
The acid dragon misses you. You block the acid dragon's attack.
You feel very sick.
There is a large open door here.
The acid dragon attacks as you move away!
The acid dragon closely misses you. You block the acid dragon's attack.
You feel sick.
The kobold brigand throws a curare-tipped dart.
You block the curare-tipped dart.
The acid dragon attacks as you move away!
The acid dragon barely misses you. The acid dragon closely misses you.
You feel sick.
The electric eel shoots out a bolt of lightning at you!
The bolt of electricity hits you.
The kobold brigand throws a curare-tipped dart.
The curare-tipped dart hits you.
You are more poisoned.
You have difficulty breathing.
Your stasis prevents you from being slowed.
The acid dragon attacks as you move away!
The acid dragon closely misses you. x2
You feel very sick.
You feel very sick.
You feel better. The acid dragon closely misses you. The acid dragon claws you.
* * * LOW HITPOINT WARNING * * *
You feel very mighty all of a sudden. The acid dragon spits acid at you.
The splash of acid hits you!!
You die...

####+######.####.# ##............
......##.........###........#####
......##.##.#......'.............
......+..##.#.#####'.......######
......#####.#.###.........#.#))..
...#........#...........#.#.#.###
...#....#####...........#.#.#.###
...#....# #....####++####......
...#....# #.#.@#≈≈≈..≈ #.#.##.
####.########+#KD#≈≈≈..{ {#.#....
..##.# ..........#≈≈♣ ♣≈≈#<..#..
..##.+ ...≈....#.'..♣.8...+.#.#..
....## ..~~~...#.'...8.♣ +.#.#..
....+ ..~.....+.#≈≈♣.♣♣ #>..###
....# ........###≈≈≈..S #.#..
....# ........# #≈≈≈..≈≈ #...#
..... ......... ####++## #...#


You could see an acid dragon (catching breath) and a kobold brigand.

Vanquished Creatures
  A komodo dragon (D:8)
  9 yaks (D:8)
  A wyvern (D:7)
  Menkaure (D:6)
  Duvessa (D:6)
  3 orc warriors
  2 ice beasts
  A sky beast (D:7)
  2 ogres
  A centaur (D:4)
  2 phantoms
  A kobold brigand (D:8)
  2 bullfrogs
  3 scorpions
  Dowan (D:6)
  A wight (Ossuary)
  4 killer bees
  An electric eel (D:8)
  3 bullfrog zombies (Ossuary)
  2 centaur zombies (Ossuary)
  2 hounds
  4 orc priests
  A gnoll bouda (D:5)
  2 human zombies (Ossuary)
  4 jellies
  Crazy Yiuf (D:2)
  5 iguanas
  4 orc wizards
  3 scorpion zombies (Ossuary)
  An ogre zombie (Ossuary)
  A mummy (D:6)
  Robin (D:4)
  7 gnolls
  6 adders
  3 white imps
  An ufetubus (D:7)
  2 adder zombies (Ossuary)
  3 worms
  3 dart slugs
  33 orcs
  3 bats
  7 endoplasms
  3 giant cockroaches
  9 goblins
  7 hobgoblins
  12 jackals
  5 kobolds
  2 quokkas
  8 ball pythons
  8 frilled lizards (D:1)
  5 gnoll zombies (Ossuary)
  4 goblin zombies (Ossuary)
  2 hobgoblin zombies
  A kobold zombie (D:6)
  2 orc zombies (Ossuary)
  4 rats
211 creatures vanquished.

Vanquished Creatures (others)
  4 plants (D:8)
  2 withered plants (D:7)
6 creatures vanquished.

Grand Total: 217 creatures vanquished

Notes
Turn   | Place    | Note
-------+----------+-------------------------------------------
     0 | D:1      | Maxmaps the Formicid Fighter began the quest for the Orb.
     0 | D:1      | Reached XP level 1. HP: 18/18 MP: 1/1
    34 | D:1      | Reached XP level 2. HP: 23/25 MP: 2/2
   235 | D:1      | Reached XP level 3. HP: 31/31 MP: 3/3
   843 | D:2      | Reached skill level 5 in Fighting
   985 | D:2      | Reached XP level 4. HP: 38/39 MP: 4/4
  1257 | D:2      | Found a runed translucent door.
  1258 | D:2      | Noticed Crazy Yiuf
  1266 | D:2      | Killed Crazy Yiuf
  1267 | D:2      | Reached skill level 3 in Long Blades
  1563 | D:3      | Reached XP level 5. HP: 44/44 MP: 5/5
  2485 | D:4      | Reached skill level 4 in Long Blades
  2615 | D:4      | Reached XP level 6. HP: 48/51 MP: 6/6
  2651 | D:4      | Reached skill level 5 in Long Blades
  3110 | D:4      | Noticed Robin
  3134 | D:4      | Reached skill level 6 in Long Blades
  3134 | D:4      | Reached XP level 7. HP: 46/53 MP: 7/7
  3139 | D:4      | Killed Robin
  3322 | D:4      | Found a runed translucent gate.
  3322 | D:4      | Found a runed translucent gate.
  3322 | D:4      | Found a runed translucent gate.
  3324 | D:4      | Noticed grumposus's ghost (amateur OpTm)
  3324 | D:4      | Noticed Rendar's ghost (amateur MiGl)
  3325 | D:4      | Noticed jasper's ghost (amateur DgAE)
  3325 | D:4      | Noticed xian's ghost (amateur DsWn)
  3355 | D:4      | Reached skill level 7 in Long Blades
  3753 | D:5      | Entered Level 5 of the Dungeon
  4105 | D:5      | Reached XP level 8. HP: 46/62 MP: 8/8
  4222 | D:5      | Reached skill level 8 in Long Blades
  4603 | D:5      | Reached skill level 9 in Long Blades
  5192 | D:5      | Identified the +2 pair of boots of Grace {Harm Str+3 Dex+2}
  5544 | D:5      | Reached skill level 10 in Long Blades
  5676 | D:6      | Reached XP level 9. HP: 63/68 MP: 9/9
  5727 | D:6      | Found a sand-covered staircase.
  5752 | Ossuary  | Entered an ossuary
  6004 | Ossuary  | Reached skill level 11 in Long Blades
  6148 | Ossuary  | Noticed a silent spectre
  6294 | D:6      | Noticed Duvessa
  6295 | D:6      | Noticed Dowan
  6318 | D:6      | Killed Duvessa
  6331 | D:6      | Killed Dowan
  7150 | D:6      | Noticed Menkaure
  7169 | D:6      | Killed Menkaure
  7425 | D:7      | Found a runed translucent door.
  7426 | D:7      | Noticed heikuro's ghost (novice FoFi)
  7555 | D:7      | Reached skill level 12 in Long Blades
  7756 | D:7      | Reached XP level 10. HP: 60/74 MP: 10/10
  7975 | D:7      | Found a staircase to the Ecumenical Temple.
  7998 | Temple   | Entered the Ecumenical Temple
  8149 | Temple   | Became a worshipper of the Shining One
  8252 | D:7      | Reached skill level 13 in Long Blades
  8819 | D:8      | Noticed a komodo dragon
  8821 | D:8      | Found a staircase to the Lair.
  8848 | D:8      | Killed a komodo dragon
  9076 | D:8      | Reached skill level 14 in Long Blades
  9330 | D:8      | Killed from afar by an acid dragon

Illustrated notes

Levels and vault maps discovered:
D:1:      ncdulo_watergridlock, layout_basic, kennysheep_another_room,
          minmay_lizard_pond
D:2:      layout_rooms, uniq_crazy_yiuf_cottage
D:3:      layout_basic, roderic_roman_lattice, nrook_mini_backslash,
          dreamdust_mushroom_princess
D:4:      minmay_skewed_foursquare, layout_rooms, gammafunk_ghost_cemetery,
          dk_noncrumbling_4, uniq_robin
D:5:      layout_loops_corners
D:6:      layout_layer_cave, nicolae_ossuary_entry_giza, uniq_duvessa,
          uniq_menkaure
D:7:      layout_loops_corners, minmay_temple_entry_butterflies,
          gammafunk_ghost_grave
D:8:      layout_basic, gammafunk_temple_overflow_elements,
          mainiacjoe_overflow_tiny_flanked, david_lair_shrubbed,
          kennysheep_generic_room_4, uniq_grum
Temple:   nicolae_temple_bog_church

Skill      XL: |  1  2  3  4  5  6  7  8  9 10 |
---------------+-------------------------------+-----
Fighting       | 4 5 |  5.0
Long Blades    | 3 4 6 7 10 12 14 | 14.6
Armour         | |  3.2
Shields        | |  4.0

Action                     |  1- 3 |  4- 6 |  7- 9 | 10-12 || total
---------------------------+-------+-------+-------+-------++-------
  Melee: Long sword        |   137 |   173 |   115 |       ||   425
         Dagger            |       |    17 |   428 |   315 ||   760
Ability: Dig               |       |     1 |       |     1 ||     2
    Use: Scroll            |       |       |    19 |       ||    19
         Potion            |       |       |     1 |     2 ||     3
   Stab: Paralysed         |       |       |     6 |       ||     6
 Armour: Scale mail        |    74 |    96 |   154 |       ||   324
         Ring mail         |       |       |    42 |    52 ||    94
  Dodge: Dodged            |    66 |    81 |   189 |    93 ||   429
  Block: Buckler           |    43 |    41 |   111 |    42 ||   237

Table legend: (Time is in decaauts)
 A = Elapsed time spent in this place.
 B = Non-inter-level travel time spent in this place.
 C = Inter-level travel time spent in this place.
 D = Time resting spent in this place.
 E = Time spent auto-exploring this place.
 F = Levels seen in this place.
 G = Mean time per level.
                   A        B        C        D        E       F      G
               +--------+--------+--------+--------+--------+-----+--------+
         Total |   9150 |   8873 |    277 |   1772 |   5145 |  10 |  915.0 |
       Dungeon |   8554 |   8286 |    268 |   1688 |   4843 |   8 | 1069.2 |
        Temple |    160 |    151 |      9 |      0 |    118 |   1 |  160.0 |
       Ossuary |    434 |    434 |      0 |     84 |    184 |   1 |  434.0 |
               +--------+--------+--------+--------+--------+-----+--------+

Top non-repeatable levels by time:
     D:5: 1859 daAuts
     D:4: 1408 daAuts
     D:6: 1274 daAuts
     D:7: 1032 daAuts
     D:2: 901 daAuts
     D:3: 890 daAuts
     D:1: 623 daAuts
     D:8: 565 daAuts
 Ossuary: 434 daAuts
  Temple: 160 daAuts
